 Dungeon Crawl Stone Soup version 0.30-a0-691-g754fce4c43 (webtiles) character file.

Game seed: 17130179799174198948

494 Citaku the Covered (level 6, -4/56 HPs)
             Began as a Minotaur Fighter on Jan 19, 2023.
             Slain by an ogre
             ... wielding a +0 giant spiked club
              (26 damage)
             ... on level 4 of the Dungeon.
             The game lasted 00:03:23 (1905 turns).

Citaku the Covered (Minotaur Fighter)               Turns: 1905, Time: 00:03:24

Health: -4/56      AC: 10    Str: 22    XL:     6   Next: 92%
Magic:  5/5        EV:  9    Int:  5    God:
Gold:   242        SH: 10    Dex: 10    Spells: 5/5 levels left

rFire   . . .      SeeInvis .    a - +0 war axe
rCold   . . .      Faith    .    c - +0 buckler
rNeg    . . .      Spirit   .    b - +0 scale mail
rPois   .          Reflect  +    (helmet restricted)
rElec   .          Harm     .    (no cloak)
rCorr   .          Rampage  .    y - +2 pair of gloves
Will    .....                    (no boots)
Stlth   x                          - amulet of reflection
HPRegen 0.29/turn                (no ring)
MPRegen 0.09/turn                (no ring)

@: mighty
A: horns 2, retaliatory headbutt
a: no special abilities


You were on level 4 of the Dungeon.
You visited 1 branch of the dungeon, and saw 4 of its levels.

You collected 242 gold pieces.

Inventory:

Hand Weapons
 a - a +0 war axe (weapon)
Armour
 b - a +0 scale mail (worn)
 c - a +0 buckler (worn)
 y - a +2 pair of gloves (worn)
Jewellery
 x - an amulet of reflection (around neck)
Wands
 p - a wand of roots (22)
 q - a wand of charming (11)
Scrolls
 h - a scroll of blinking {unknown}
 i - a scroll of vulnerability {unknown}
 l - 2 scrolls of identify {unknown}
 r - a scroll of teleportation {unknown}
 s - a scroll of immolation {unknown}
 u - a scroll of magic mapping {unknown}
 v - a scroll of silence {unknown}
 w - a scroll of amnesia {unknown}
Potions
 d - a potion of might
 e - 3 potions of degeneration {unknown}
 f - a potion of resistance {unknown}
 g - a potion of lignification {unknown}
 j - 2 potions of magic {unknown}
 k - a potion of flight {unknown}
 m - 3 potions of attraction {unknown}
 n - 5 potions of curing {unknown}
 o - a potion of cancellation {unknown}
 t - 2 potions of haste {unknown}


   Skills:
 + Level 5.0 Fighting
 * Level 5.6 Axes
 * Level 6.1 Armour
 + Level 5.1 Shields


You had 5 spell levels left.
You didn't know any spells.
Your spell library contained the following spells:

 Spells                   Type           Power      Damage    Failure   Level
 Sting                    Tmut/Pois      0%         1d3       86%         1
 Poisonous Vapours        Pois/Air       0%         N/A       94%         2
 Vhi's Electric Charge    Tloc/Air       0%         N/A       99%         3
 Olgreb's Toxic Radiance  Pois           0%         N/A       100%        4
 Arcjolt                  Conj/Air       0%         1d10      100%        5
 Maxwell's Capacitive Co  Air            0%         ∞         100%        8


Dungeon Overview and Level Annotations

Branches:
Dungeon (4/15)
 Temple: D:4-7

Altars:
Dithmenos
Wu Jian
The Shining One


Innate Abilities, Weirdness & Mutations

You have a pair of horns on your head.
You reflexively headbutt those who attack you in melee.


Message History

You are too injured to fight recklessly!
You are too injured to fight recklessly!
You are too injured to fight recklessly!
You are too injured to fight recklessly!
You are too injured to fight recklessly!
You are too injured to fight recklessly!
You are too injured to fight recklessly!
You are too injured to fight recklessly!
You are too injured to fight recklessly!
You are too injured to fight recklessly!
You are too injured to fight recklessly!
You are too injured to fight recklessly!
You are too injured to fight recklessly!
You are too injured to fight recklessly!
You are too injured to fight recklessly!
You are too injured to fight recklessly!
You barely miss the adder. You hit something.
You feel sick. Something hits you but does no damage.
You block the adder's attack. Something hits you but does no damage.
You hit the adder.
The adder is lightly wounded.
You barely miss something.
You feel sick. You block the adder's attack.
The adder bites you but does no damage.
You hear some strange, mumbled words.
A puff of flame appears from out of thin air!
The puff of flame hits you.
You closely miss the adder. You headbutt the adder!
The adder is almost dead.
You slash something!
Reactivating autopickup.
You feel a bit more experienced.
You feel sick. You block the adder's attack.
You miss the adder.
The adder is almost dead.
You feel sick.
You are no longer poisoned.
The adder bites you but does no damage. You block the adder's attack.
You feel very mighty all of a sudden. You block the adder's attack.
The ogre hits you with a +0 giant spiked club!!
You die...

... ... ....... ...#
.......###.. #.......#
........##.###..........
........##..#...........
.....##....##...........
............#...........
......))................
......)@................
......S#O...............
#....####............#
.....###.............#
... .>...............##
.. ..................#.
.. ....................
....
.................... ...
.#..................


You could see an ogre and an adder.

Vanquished Creatures
  2 scorpions (D:4)
  A howler monkey (D:3)
  A hound (D:3)
  An orc priest (D:2)
  Natasha (thrice) (D:3)
  3 orc wizards
  3 adders
  A worm (D:2)
  4 dart slugs
  8 orcs
  7 endoplasms
  11 giant cockroaches (D:2)
  13 goblins
  4 hobgoblins
  4 kobolds
  3 quokkas
  6 ball pythons
  7 bats
  3 frilled lizards (D:2)
  3 rats
88 creatures vanquished.

Vanquished Creatures (others)
  3 plants (D:3)
3 creatures vanquished.

Grand Total: 91 creatures vanquished

Notes
Turn   | Place    | Note
-------+----------+-------------------------------------------
     0 | D:1      | Citaku the Minotaur Fighter began the quest for the Orb.
     0 | D:1      | Reached XP level 1. HP: 19/19 MP: 0/0
   138 | D:1      | Reached XP level 2. HP: 23/27 MP: 1/1
   145 | D:1      | Reached skill level 4 in Armour
   448 | D:2      | Reached XP level 3. HP: 28/33 MP: 2/2
   557 | D:2      | Reached XP level 4. HP: 32/40 MP: 3/3
   873 | D:2      | Reached XP level 5. HP: 47/47 MP: 4/4
  1161 | D:3      | Reached skill level 5 in Armour
  1237 | D:3      | Found a glowing golden altar of the Shining One.
  1238 | D:3      | Found an ornate altar of the Wu Jian Council.
  1262 | D:3      | Noticed Natasha
  1267 | D:3      | Killed Natasha
  1292 | D:3      | Reached XP level 6. HP: 33/53 MP: 5/5
  1415 | D:3      | Found a shadowy altar of Dithmenos.
  1614 | D:3      | Noticed Natasha
  1623 | D:3      | Killed Natasha
  1624 | D:3      | Reached skill level 5 in Axes
  1717 | D:3      | Noticed Natasha
  1721 | D:3      | Killed Natasha
  1893 | D:4      | Reached skill level 5 in Fighting
  1893 | D:4      | Reached skill level 6 in Armour
  1893 | D:4      | Reached skill level 5 in Shields
  1905 | D:4      | Slain by an ogre

Illustrated notes

Levels and vault maps discovered:
D:1:      saegor_arrival_simple_a, layout_rooms, corexii_hall_statues_t
D:2:      minmay_roachtagon, layout_rooms, minmay_ruptured
D:3:      layout_basic, mainiacjoe_overflow_boulevard,
          gammafunk_temple_overflow_pools, minivault_5, uniq_natasha
D:4:      layout_cave_pools, minmay_temple_entry_statues

Skill      XL: |  1  2  3  4  5  6 |
---------------+-------------------+-----
Axes           | 3 4 5 |  5.6
Armour         | 4 5 6 |  6.1
Shields        | 4 5 |  5.1
Fighting       | 4 5 |  5.0

Action                   |  1- 3 |  4- 6 || total
-------------------------+-------+-------++-------
Melee: War axe           |    56 |   114 ||   170
       Headbutt          |    10 |    13 ||    23
  Use: Potion            |       |     1 ||     1
Armor: Scale mail        |    45 |    52 ||    97
Dodge: Dodged            |    31 |    53 ||    84
Block: Buckler           |    16 |    31 ||    47

Table legend: (Time is in decaauts)
 A = Elapsed time spent in this place.
 B = Non-inter-level travel time spent in this place.
 C = Inter-level travel time spent in this place.
 D = Time resting spent in this place.
 E = Time spent auto-exploring this place.
 F = Levels seen in this place.
 G = Mean time per level.
                   A        B        C        D        E       F      G
               +--------+--------+--------+--------+--------+-----+--------+
         Total |   1962 |   1931 |     31 |      0 |   1491 |   4 |  490.5 |
       Dungeon |   1962 |   1931 |     31 |      0 |   1491 |   4 |  490.5 |
               +--------+--------+--------+--------+--------+-----+--------+

Top non-repeatable levels by time:
     D:3: 693 daAuts
     D:2: 679 daAuts
     D:1: 448 daAuts
     D:4: 141 daAuts
